 Dungeon Crawl Stone Soup version 0.25-a0-597-gb30770a0c0 (webtiles) character file.

Game seed: 11846599220499317172, levelgen mode: deterministic

161 Aggronaut the Slasher (level 5, 0/41 HPs)
             Began as a Demonspawn Monk on Mar 15, 2020.
             Was a Believer of Makhleb.
             Slain by Grinder (1 damage)
             ... on level 3 of the Dungeon.
             The game lasted 00:06:57 (2504 turns).

Aggronaut the Slasher (Demonspawn Monk)             Turns: 2504, Time: 00:06:58

Health: 0/41       AC:  6    Str: 13    XL:     5   Next: 19%
Magic:  5/5        EV: 12    Int: 11    God:    Makhleb [**....]
Gold:   160        SH:  0    Dex: 15    Spells: 4/4 levels left

rFire    . . .     SeeInvis .   a - +1 falchion
rCold    . . .     Gourm    .   (no shield)
rNeg     . . .     Faith    .   b - -1 ring mail (curse)
rPois    .         Spirit   .   (helmet restricted)
rElec    .         Reflect  .   (no cloak)
rCorr    .         Harm     .   (no gloves)
MR       .....                  (no boots)
Stlth    +.........             j - amulet of regeneration
HPRegen  0.53/turn              (no ring)
MPRegen  0.09/turn              (no ring)

@: no status effects
A: antennae 2, yellow scales 1
a: Minor Destruction, Renounce Religion


You were on level 3 of the Dungeon.
You worshipped Makhleb.
Makhleb was pleased with you.
You were not hungry.

You visited 1 branch of the dungeon, and saw 3 of its levels.

You collected 160 gold pieces.

Inventory:

Hand Weapons
 a - a +1 falchion (weapon)
Missiles
 h - 2 throwing nets (quivered)
Armour
 b - a cursed -1 ring mail (worn)
 e - a +0 ring mail
Jewellery
 j - an amulet of regeneration (around neck)
Wands
 d - a wand of acid (8)
 o - a wand of polymorph (11)
Scrolls
 m - 2 scrolls of teleportation
 p - a scroll of fear
Comestibles
 c - 4 rations


   Skills:
 - Level 3.5 Fighting
 + Level 4.1 Long Blades
 - Level 1.2 Armour
 - Level 3.4 Dodging
 - Level 2.3 Stealth


You had 4 spell levels left.
You didn't know any spells.
Your spell library was empty.

Dungeon Overview and Level Annotations

Branches:
Dungeon (3/15)

Altars:
Kikubaaqudgha
Makhleb

Annotations:
D:3 2 transporters, Grinder


Innate Abilities, Weirdness & Mutations

You have a pair of antennae on your head.
You are partially covered in yellow scales. (AC +2)


Message History

You barely resist. You hit Grinder.
Grinder is severely wounded.
Grinder blinks!
Grinder blinks!
Grinder blinks!
You hit Grinder but do no damage.
Grinder is severely wounded.
Grinder hits you.
You writhe in agony.
You hit Grinder but do no damage.
Grinder is severely wounded.
Grinder gestures at you. Pain shoots through your body!
* * * LOW HITPOINT WARNING * * *
You closely miss Grinder.
Grinder is severely wounded.
Grinder hits you!
* * * LOW HITPOINT WARNING * * *
You writhe in agony.
You die...

#{#### ##........#
{##..# ##.#.###....#
##...###.##.##.#.###
.......###..#.##..#
..##.#.....#.# ..#.##
).##.###.##.###.....#
.###.# #.###.#####..#
.###.# #.# ##.###.#.#
.#.#.###.# ##.#@##.###
....#.##.######..5......
.....###........###.####
......########### #
.....## #....# ##.#.#
#.#.# #.#.#


You could see Grinder.

Vanquished Creatures
  A hound (D:2)
  Ijyb (D:3)
  5 adders
  3 worms (D:2)
  4 dart slugs
  3 leopard geckos
  A giant cockroach (D:2)
  5 goblins
  4 hobgoblins
  2 jackals (D:2)
  6 kobolds
  2 bats
  8 frilled lizards
  5 rats
50 creatures vanquished.

Notes
Turn   | Place    | Note
-------+----------+-------------------------------------------
     0 | D:1      | Aggronaut the Demonspawn Monk began the quest for the Orb.
     0 | D:1      | Reached XP level 1. HP: 18/18 MP: 1/1
   165 | D:1      | Gained mutation: You are partially covered in yellow
                  | scales. (AC +2) [demonic ancestry]
   165 | D:1      | Reached XP level 2. HP: 6/24 MP: 2/2
   498 | D:1      | Reached skill level 3 in Long Blades
  1118 | D:2      | Found a burning altar of Makhleb.
  1128 | D:2      | Gained mutation: You have a pair of small antennae on your
                  | head. [demonic ancestry]
  1128 | D:2      | Reached XP level 3. HP: 23/29 MP: 3/3
  1141 | D:2      | Became a worshipper of Makhleb the Destroyer
  1141 | D:2      | Reached * piety under Makhleb
  1141 | D:2      | Reached ** piety under Makhleb
  1300 | D:2      | Found an ancient bone altar of Kikubaaqudgha.
  1395 | D:2      | Gained mutation: You have a pair of antennae on your head.
                  | [demonic ancestry]
  1395 | D:2      | Reached XP level 4. HP: 35/35 MP: 4/4
  2017 | D:3      | Reached skill level 1 in Armour
  2084 | D:3      | Noticed Ijyb
  2094 | D:3      | Killed Ijyb
  2094 | D:3      | Reached skill level 4 in Long Blades
  2094 | D:3      | Reached XP level 5. HP: 13/41 MP: 5/5
  2143 | D:3      | Found a transporter.
  2354 | D:3      | Noticed an ancient zyme
  2357 | D:3      | Noticed a small abomination
  2367 | D:3      | Found a transporter.
  2372 | D:3      | Noticed a small abomination
  2460 | D:3      | Noticed Grinder
  2474 | D:3      | Paralysed by Grinder for 2 turns
  2504 | D:3      | HP: 1/41 [Grinder (9)]
  2504 | D:3      | Slain by Grinder

Levels and vault maps discovered:
D:1:      giann_forest_graveyard, layout_basic
D:2:      layout_basic, makhleb_blood_cavern_becter, lemuel_doored_altar,
          serial_park_tiny_pond
D:3:      layout_loops_ring, lemuel_round_altar, first_ration,
          gammafunk_ghost_abyssal_escape, uniq_robin, uniq_ijyb, uniq_grinder

Skill      XL: |  1  2  3  4 |
---------------+-------------+-----
Dodging        | 3 |  3.4
Long Blades    | 3 4 |  4.1
Stealth        | 2 |  2.3
Armour         | 1 |  1.2
Fighting       | |  3.5

Action                   |  1- 3 |  4- 6 || total
-------------------------+-------+-------++-------
Melee: Falchion          |    91 |   103 ||   194
Invok: Minor Destruction |       |     1 ||     1
  Use: Scroll            |     4 |     2 ||     6
       Potion            |       |     7 ||     7
 Stab: Sleeping          |     3 |     2 ||     5
  Eat: Chunk             |     2 |     1 ||     3
       Ration            |       |     1 ||     1
Armor: Robe              |     1 |       ||     1
       Ring mail         |    29 |    22 ||    51
       Skin              |       |    16 ||    16
Dodge: Dodged            |    57 |    43 ||   100
       Rpst.: Falchion   |    15 |    14 ||    29

Table legend:
 A = Non-vault XP
 B = Vault XP
 C = Vault XP percentage of total XP
 D = Non-vault monster count
 E = Vault monster count
 F = Vault count percentage of total count
                 A         B        C        D         E       F
            +---------+---------+-------+---------+---------+-------
      Total |     156 |      75 |  32.5 |      48 |       2 |   4.0
            +---------+---------+-------+---------+---------+-------
        D:1 |      39 |       0 |   0.0 |      21 |       0 |   0.0
        D:2 |      89 |      40 |  31.0 |      17 |       1 |   5.6
        D:3 |      28 |      35 |  55.6 |      10 |       1 |   9.1
            +---------+---------+-------+---------+---------+-------
